[ AOE2 MATCH · #484034367 ]
UnrankedSicilians vs Slavs
[ REPLAY ANALYSIS · EXTRACTED FROM THE RECORDED GAME ]
Feudal
—
Castle
—
Imperial
—
| APM avg | 39.7 |
| APM peak | 88 |
| eAPM avg | 15.7 |
| Villagers / military | 28 / 0 |
Focus
⚔️ 4.5% · 🌾 95.5%
Feudal
—
Castle
—
Imperial
—
| APM avg | 26.3 |
| APM peak | 76 |
| eAPM avg | 14.3 |
| Villagers / military | 55 / 0 |
Focus
⚔️ 7.5% · 🌾 92.5%
Feudal
18:05
Castle
—
Imperial
—
| APM avg | 22.0 |
| APM peak | 45 |
| eAPM avg | 10.1 |
| Villagers / military | 32 / 6 |
Focus
⚔️ 25.4% · 🌾 74.6%
Militia ×6
Feudal
19:40
Castle
—
Imperial
—
| APM avg | 17.4 |
| APM peak | 36 |
| eAPM avg | 10.5 |
| Villagers / military | 38 / 3 |
Focus
⚔️ 9.5% · 🌾 90.5%
Militia ×3
Match map
Initial resources + every placement click. Lines = walls · curves = elevation contours. ◆ gold · ⬟ stone · ● berries · ✦ relic · ◌ wall gap
Your base· Open — opponent sealed themselves in
Spartano187's base· ✓ Closed at 12:00 · 3t walls · 1 gate(s)
Lord Jaume's base· Open — opponent sealed themselves in
RIOCA's base· ✓ Closed at 12:00 · 10t walls · 1 gate(s)
Smoothed initial terrain · ◌ = detected wall gap · hover for details
Inputs per minute
— Xoloitzcuintle - - Spartano187
Build order — Xoloitzcuintle
38 actions detected in the replay
| 0:05 | Build | House |
| 0:07 | Build | House |
| 0:08 | Create | Villager (Male) |
| 0:08 | Create | Villager (Male) |
| 0:08 | Create | Villager (Male) |
| 0:08 | Create | Villager (Male) |
| 0:08 | Create | Villager (Male) |
| 1:34 | Create | Villager (Male) |
| 1:35 | Create | Villager (Male) |
| 2:16 | Create | Villager (Male) |
| 2:30 | Create | Villager (Male) |
| 3:02 | Create | Villager (Male) |
| 3:08 | Create | Villager (Male) |
| 3:33 | Build | House |
| 3:41 | Create | Villager (Male) |
| 3:41 | Create | Villager (Male) |
| 3:56 | Create | Villager (Male) |
| 4:37 | Create | Villager (Male) |
| 5:31 | Create | Villager (Male) |
| 5:31 | Create | Villager (Male) |
| 5:31 | Create | Villager (Male) |
| 8:41 | Create | Villager (Male) |
| 9:39 | Create | Villager (Male) |
| 9:39 | Create | Villager (Male) |
| 9:39 | Create | Villager (Male) |
| 11:23 | Build | Town Center |
| 12:25 | Build | Lumber Camp |
| 12:35 | Build | Mill |
| 13:14 | Create | Villager (Male) |
| 13:14 | Create | Villager (Male) |
| 13:14 | Create | Villager (Male) |
| 13:14 | Create | Villager (Male) |
| 13:14 | Create | Villager (Male) |
| 13:43 | Build | House |
| 14:23 | Create | Villager (Male) |
| 16:34 | Build | Town Center |
| 20:31 | Build | Town Center |
| 21:59 | Build | Town Center |
Build order — Spartano187
87 actions detected in the replay
| 0:05 | Create | Villager (Male) |
| 0:05 | Create | Villager (Male) |
| 0:05 | Create | Villager (Male) |
| 0:06 | Create | Villager (Male) |
| 0:06 | Create | Villager (Male) |
| 0:10 | Build | House |
| 0:14 | Build | House |
| 1:36 | Create | Villager (Male) |
| 2:25 | Research | Loom |
| 2:58 | Create | Villager (Male) |
| 2:59 | Create | Villager (Male) |
| 3:33 | Create | Villager (Male) |
| 3:34 | Create | Villager (Male) |
| 3:53 | Create | Villager (Male) |
| 4:18 | Create | Villager (Male) |
| 4:18 | Create | Villager (Male) |
| 4:19 | Create | Villager (Male) |
| 4:29 | Build | Palisade Gate |
| 4:56 | Build | House |
| 4:58 | Build | House |
| 5:00 | Build | House |
| 5:13 | Create | Villager (Male) |
| 5:13 | Create | Villager (Male) |
| 5:13 | Create | Villager (Male) |
| 5:30 | Build | Palisade Wall |
| 5:38 | Build | Palisade Wall |
| 6:10 | Create | Villager (Male) |
| 6:11 | Create | Villager (Male) |
| 6:48 | Create | Villager (Male) |
| 6:48 | Create | Villager (Male) |
| 6:49 | Create | Villager (Male) |
| 7:40 | Build | House |
| 7:47 | Create | Villager (Male) |
| 7:48 | Create | Villager (Male) |
| 8:02 | Build | House |
| 8:11 | Build | House |
| 8:14 | Build | House |
| 8:17 | Create | Villager (Male) |
| 8:18 | Create | Villager (Male) |
| 8:18 | Create | Villager (Male) |
| 8:18 | Create | Villager (Male) |
| 8:26 | Build | House |
| 8:32 | Build | House |
| 8:39 | Create | Villager (Male) |
| 8:39 | Create | Villager (Male) |
| 8:39 | Create | Villager (Male) |
| 8:50 | Build | Mill |
| 8:56 | Build | House |
| 9:04 | Build | Palisade Wall |
| 9:38 | Create | Villager (Male) |
| 10:12 | Build | House |
| 10:14 | Build | House |
| 10:48 | Build | House |
| 10:53 | Build | House |
| 12:18 | Create | Villager (Male) |
| 12:44 | Build | Lumber Camp |
| 13:13 | Research | Feudal Age |
| 15:27 | Create | Villager (Male) |
| 15:28 | Create | Villager (Male) |
| 16:10 | Build | Town Center |
| 17:26 | Create | Villager (Male) |
| 17:26 | Create | Villager (Male) |
| 17:26 | Create | Villager (Male) |
| 18:12 | Create | Villager (Male) |
| 18:13 | Create | Villager (Male) |
| 18:23 | Build | House |
| 18:30 | Build | Mining Camp |
| 18:35 | Build | Mill |
| 19:05 | Build | Stone Wall |
| 19:43 | Create | Villager (Male) |
| 20:06 | Build | Market |
| 20:09 | Create | Villager (Male) |
| 20:10 | Create | Villager (Male) |
| 20:20 | Build | Blacksmith |
| 20:25 | Create | Villager (Male) |
| 20:26 | Create | Villager (Male) |
| 20:37 | Build | Farm |
| 21:02 | Create | Villager (Male) |
| 21:02 | Create | Villager (Male) |
| 21:03 | Create | Villager (Male) |
| 21:03 | Create | Villager (Male) |
| 21:18 | Create | Villager (Male) |
| 21:19 | Create | Villager (Male) |
| 21:19 | Create | Villager (Male) |
| 21:49 | Create | Villager (Male) |
| 21:49 | Create | Villager (Male) |
| 21:49 | Create | Villager (Male) |
Build order — Lord Jaume
61 actions detected in the replay
| 0:00 | Create | Villager (Male) |
| 0:01 | Create | Villager (Male) |
| 0:01 | Create | Villager (Male) |
| 0:01 | Create | Villager (Male) |
| 0:03 | Build | House |
| 0:05 | Build | House |
| 0:56 | Research | Loom |
| 0:58 | Create | Villager (Male) |
| 0:58 | Create | Villager (Male) |
| 1:39 | Create | Villager (Male) |
| 2:28 | Build | House |
| 2:29 | Build | House |
| 2:45 | Create | Villager (Male) |
| 2:45 | Create | Villager (Male) |
| 3:32 | Create | Villager (Male) |
| 3:32 | Create | Villager (Male) |
| 3:32 | Create | Villager (Male) |
| 3:38 | Build | Lumber Camp |
| 3:45 | Create | Villager (Male) |
| 4:39 | Create | Villager (Male) |
| 4:39 | Create | Villager (Male) |
| 5:25 | Create | Villager (Male) |
| 6:16 | Create | Villager (Male) |
| 7:54 | Build | Town Center |
| 10:15 | Create | Villager (Male) |
| 10:29 | Build | Mill |
| 11:55 | Create | Villager (Male) |
| 12:36 | Create | Villager (Male) |
| 12:39 | Create | Villager (Male) |
| 12:39 | Create | Villager (Male) |
| 12:39 | Create | Villager (Male) |
| 13:04 | Create | Villager (Male) |
| 13:26 | Create | Villager (Male) |
| 13:27 | Create | Villager (Male) |
| 13:52 | Build | House |
| 13:52 | Build | House |
| 14:06 | Create | Villager (Male) |
| 14:46 | Build | Lumber Camp |
| 16:01 | Research | Feudal Age |
| 17:09 | Build | Barracks |
| 17:39 | Create | Villager (Male) |
| 17:39 | Create | Villager (Male) |
| 17:39 | Create | Villager (Male) |
| 18:03 | Create | Militia |
| 18:03 | Create | Militia |
| 18:05 | Age | Feudal Age |
| 18:23 | Create | Villager (Male) |
| 18:40 | Build | Mining Camp |
| 18:48 | Create | Villager (Male) |
| 19:01 | Build | Market |
| 20:23 | Research | Man-at-Arms (upgrade) |
| 20:24 | Research | Arson |
| 20:50 | Create | Militia |
| 20:50 | Create | Militia |
| 21:10 | Create | Militia |
| 21:30 | Create | Militia |
| 21:38 | Build | Mining Camp |
| 21:51 | Build | Farm |
| 21:54 | Build | House |
| 21:55 | Build | House |
| 22:24 | Research | Town Watch |
Build order — RIOCA
82 actions detected in the replay
| 0:04 | Research | Loom |
| 0:05 | Create | Villager (Male) |
| 0:05 | Create | Villager (Male) |
| 0:05 | Create | Villager (Male) |
| 0:05 | Create | Villager (Male) |
| 0:06 | Create | Villager (Male) |
| 0:06 | Create | Villager (Male) |
| 0:13 | Build | House |
| 0:14 | Build | House |
| 0:17 | Build | House |
| 1:13 | Build | House |
| 1:36 | Create | Villager (Male) |
| 2:24 | Build | Lumber Camp |
| 2:29 | Create | Villager (Male) |
| 2:44 | Create | Villager (Male) |
| 3:46 | Create | Villager (Male) |
| 3:53 | Create | Villager (Male) |
| 4:23 | Create | Villager (Male) |
| 4:32 | Build | Mill |
| 4:47 | Build | House |
| 4:55 | Build | Palisade Wall |
| 5:14 | Create | Villager (Male) |
| 5:36 | Build | Palisade Gate |
| 5:48 | Create | Villager (Male) |
| 5:49 | Create | Villager (Male) |
| 5:49 | Create | Villager (Male) |
| 6:04 | Create | Villager (Male) |
| 6:44 | Build | Mill |
| 6:52 | Create | Villager (Male) |
| 7:24 | Build | Mining Camp |
| 7:34 | Create | Villager (Male) |
| 7:46 | Create | Villager (Male) |
| 8:42 | Create | Villager (Male) |
| 8:42 | Create | Villager (Male) |
| 9:32 | Build | Mining Camp |
| 9:40 | Create | Villager (Male) |
| 9:41 | Create | Villager (Male) |
| 9:54 | Build | Barracks |
| 10:07 | Create | Villager (Male) |
| 10:25 | Build | Farm |
| 10:35 | Build | Farm |
| 11:02 | Build | Farm |
| 11:54 | Build | Town Center |
| 12:06 | Build | House |
| 12:14 | Build | House |
| 12:23 | Build | House |
| 12:57 | Build | Farm |
| 13:04 | Build | Farm |
| 13:07 | Build | Farm |
| 13:12 | Create | Villager (Male) |
| 13:12 | Create | Villager (Male) |
| 13:39 | Build | House |
| 14:00 | Create | Villager (Male) |
| 14:15 | Build | Farm |
| 14:29 | Build | Farm |
| 14:32 | Create | Villager (Male) |
| 14:33 | Create | Villager (Male) |
| 14:41 | Build | Farm |
| 14:54 | Create | Villager (Male) |
| 15:17 | Build | Barracks |
| 15:23 | Build | House |
| 15:39 | Create | Villager (Male) |
| 16:02 | Build | Farm |
| 16:10 | Create | Villager (Male) |
| 16:49 | Build | Farm |
| 16:52 | Create | Villager (Male) |
| 17:01 | Build | Farm |
| 17:11 | Build | Farm |
| 17:30 | Research | Feudal Age |
| 17:51 | Create | Villager (Male) |
| 17:51 | Create | Villager (Male) |
| 19:40 | Age | Feudal Age |
| 19:46 | Research | Man-at-Arms (upgrade) |
| 19:48 | Create | Militia |
| 19:59 | Build | Watch Tower |
| 20:42 | Build | Watch Tower |
| 21:09 | Create | Militia |
| 21:10 | Create | Militia |
| 21:24 | Create | Villager (Male) |
| 21:24 | Create | Villager (Male) |
| 21:45 | Build | Farm |
| 21:56 | Build | Farm |
Match timeline
| 4:55 | RIOCA · wall_segment Palisade Wall x10 |
| 5:30 | Spartano187 · wall_segment Palisade Wall x1 |
| 5:38 | Spartano187 · wall_segment Palisade Wall x1 |
| 9:04 | Spartano187 · wall_segment Palisade Wall x1 |
| 9:54 | RIOCA · first_building Barracks |
| 17:09 | Lord Jaume · first_building Barracks |
| 18:05 | Lord Jaume · age_up feudal |
| 19:05 | Spartano187 · wall_segment Stone Wall x6 |
| 19:40 | RIOCA · age_up feudal |
| 20:20 | Lord Jaume · first_market_sell 100 wood |
| 22:35 | Spartano187 · first_market_sell 100 stone |
| 22:38 | Spartano187 · first_market_buy 100 food |
| 22:42 | Xoloitzcuintle · resign |
[ AI ANALYSIS · 1 CREDIT ]
What really happened in this match?
Wolo.gg analyzes every decision: build order, eco, micro, common mistakes by bracket. Personalized analysis on WhatsApp or Discord in 30 seconds.
Civ guide
Sicilians
Perfil
Jugador #2559909